 Dungeon Sprint DCSS version 0.21.1-1-g345015f (webtiles) character file.

9 wilfster70 the Chopper (level 2, -1/21 HPs)
             Began as a Gargoyle Monk on June 15, 2018.
             Was a Believer of Okawaru.
             Slain by a merfolk
             ... wielding a +0 trident
              (14 damage)
             ... in the Dungeon (Sprint V: "Ziggurat Sprint").
             The game lasted 00:01:44 (77 turns).

wilfster70 the Chopper (Gargoyle Monk)                Turns: 77, Time: 00:01:45

Health: -1/21      AC: 22    Str: 26    XL:     2   Next: 16%
Magic:  0/2        EV:  8    Int: 10    God:    Okawaru [**....]
Gold:   0          SH:  0    Dex: 12    Spells: 1/1 levels left

rFire    + . .     SeeInvis .   a - +5 battleaxe
rCold    + . .     Gourm    .   (shield currently unavailable)
rNeg     + . .     Faith    .   j - +5 gold dragon scales
rPois    ∞         Spirit   .   (no helmet)
rElec    +         Reflect  .   (no cloak)
rCorr    .         Harm     .   (no gloves)
MR       .....     NoTele   +   (no boots)
Stlth    ..........             (no amulet)
HPRegen  0.07/turn              E - +6 ring of strength
MPRegen  0.08/turn              F - +6 ring of strength

@: heroism
A: negative energy resistance 1, electricity resistance, unbreathing,
petrification resistance, rot immunity, AC +2
a: Heroism, Renounce Religion


You were in the Dungeon.
You worshipped Okawaru.
Okawaru was pleased with you.
You were not hungry.

You visited 1 branch

Inventory:

Hand Weapons
 a - a +5 battleaxe (weapon)
 b - a +5 executioner's axe
Armour
 j - +5 gold dragon scales (worn)
 x - a +0 robe
Jewellery
 A - a +6 ring of dexterity
 B - a +6 ring of dexterity
 C - a +6 ring of intelligence
 D - a +6 ring of intelligence
 E - a +6 ring of strength (left hand)
 F - a +6 ring of strength (right hand)
Wands
 w - a wand of disintegration (7)
 y - a wand of iceblast (7)
 z - a wand of acid (7)
Scrolls
 i - 4 scrolls of blinking
 q - 4 scrolls of amnesia
 r - 7 scrolls of fog
 s - a scroll of holy word
 t - 5 scrolls of identify
 u - 5 scrolls of remove curse
 v - 2 scrolls of fear
Potions
 d - 10 potions of curing
 e - 10 potions of heal wounds
 f - 6 potions of haste
 g - 7 potions of magic
 h - 3 potions of berserk rage
 k - 2 potions of brilliance
 l - 2 potions of invisibility
 m - 4 potions of resistance
 o - 5 potions of agility
 p - 5 potions of might
Comestibles
 c - 7 rations


   Skills:
 + Level 5.2(10.2) Fighting
 + Level 5.5(10.5) Axes
 + Level 3.9(8.9) Dodging
 - Level 2.1(7.1) Stealth
 + Level 0.2 Invocations


You had one spell level left.
You didn't know any spells.

Dungeon Overview and Level Annotations

Branches:
Dungeon (1/1)

Altars:
Ashenzari
Cheibriados
Dithmenos
Elyvilon
Fedhas
Gozag
Hepliaklqana
Kikubaaqudgha
Makhleb
Nemelex Xobeh
Okawaru
Qazlal
Ru
Sif Muna
Trog
Uskayaw
Vehumet
Wu Jian
Xom
Yredelemnul
Zin
The Shining One
Beogh
Jiyva
Lugonu

Annotations:
D 1 transporter


Innate Abilities, Weirdness & Mutations

You are resistant to torment.
Your stone body is resilient. (AC +2)
You are immune to poison.
You resist negative energy. (rN+)
You are resistant to electric shocks. (rElec)
You can survive without breathing.
You are immune to petrification.
You are immune to rotting.


Message History

The merfolk throws a throwing net.
The throwing net hits you.
You become entangled in the net!
You see here a throwing net.
You gain the combat prowess of a mighty hero.
You struggle against the net.
The merfolk hits you from afar with a trident.
The merfolk hits you but does no damage.
You struggle against the net.
The merfolk hits you but does no damage. x2
The merfolk hits you from afar with a trident.
You struggle against the net.
The merfolk hits you with a +2 war axe of flaming.
The merfolk completely misses you.
The merfolk hits you from afar with a trident.
You struggle against the net.
The merfolk hits you but does no damage. x3
You rip the net and break free!
The merfolk hits you from afar with a trident!
Ouch! That really hurt!
You die...

▓▓▓▓▓▓▓▓▓▓▓▓▓
▓.8©8.▓.8©8.▓
▓...).▓.....▓
▓.....▓.[.|.▓
▓.mm..▓.....▓
▓..m..▓.....▓
▓..@..▓..©..▓
▓..©..▓▓▓▓▓▓▓
▓▓▓▓▓▓▓


You could see 3 merfolk.

Vanquished Creatures
  2 jackals (D)
2 creatures vanquished.

Notes
Turn   | Place    | Note
-------+----------+-------------------------------------------
     0 | D        | Found the +6 Majin-Bo {vamp, Archmagi MP+6 Int+6}
     0 | D        | Found the +7 great mace "Firestarter" {inner flame, rF++}
     0 | D        | wilfster70 the Gargoyle Monk began the quest for the Orb.
     0 | D        | Reached XP level 1. HP: 14/14 MP: 1/1
    13 | D        | Found a blossoming altar of Fedhas.
    15 | D        | Found a deep blue altar of Sif Muna.
    15 | D        | Found a sacrificial altar of Ru.
    15 | D        | Found a bloodstained altar of Trog.
    15 | D        | Found a stormy altar of Qazlal.
    15 | D        | Found an iron altar of Okawaru.
    15 | D        | Found a sparkling altar of Nemelex Xobeh.
    17 | D        | Found a transporter.
    17 | D        | Found an ancient bone altar of Kikubaaqudgha.
    17 | D        | Found a viscous altar of Jiyva.
    17 | D        | Found a corrupted altar of Lugonu.
    17 | D        | Found a hazy altar of Hepliaklqana.
    17 | D        | Found a burning altar of Makhleb.
    17 | D        | Found an opulent altar of Gozag.
    44 | D        | Reached skill level 5 in Fighting
    44 | D        | Reached skill level 5 in Axes
    44 | D        | Reached XP level 2. HP: 21/21 MP: 2/2
    54 | D        | Became a worshipper of Warmaster Okawaru
    54 | D        | Reached * piety under Okawaru
    54 | D        | Reached ** piety under Okawaru
    62 | D        | Entered arena 2.
    62 | D        | Found a transporter.
    70 | D        | Entered arena 3.
    70 | D        | Noticed a merfolk
    70 | D        | Noticed a merfolk
    70 | D        | Noticed a merfolk
    70 | D        | Found a transporter.
    77 | D        | Slain by a merfolk

Skill      XL: |  1 |
---------------+----+-----
Fighting       | 5 |  5.2
Axes           | 5 |  5.5
Dodging        | 3 |  3.9
Stealth        | |  2.1
Invocations    | |  0.2

Action                   || total
-------------------------++-------
Melee: Battleaxe         ||     2
Invok: Heroism           ||     1
  Use: Potion            ||     1
Armor: Gold dragon scale ||    13
Dodge: Dodged            ||     2
